 Dungeon Crawl Stone Soup version 0.30.0-5-g1a98f26d00 (webtiles) character file.

Game seed: 18113989681957014288

3 jimonade the Trooper (level 1, -1/18 HPs)
             Began as a Mummy Monk on May 11, 2023.
             Slain by a jackal (2 damage)
             ... on level 1 of the Dungeon.
             The game lasted 00:00:12 (32 turns).

jimonade the Trooper (Mummy Monk)                     Turns: 32, Time: 00:00:12

Health: -1/18      AC:  2    Str: 14    XL:     1   Next: 41%
Magic:  1/1        EV: 12    Int:  9    God:
Gold:   15         SH:  0    Dex: 14    Spells: 0/0 levels left

rFire   x . .        a - +0 hand axe
rCold   + . .        c - orb {light}
rNeg    + + +        b - +0 robe
rPois   ∞            (no helmet)
rElec   .            (no cloak)
rCorr   .            (no gloves)
SInv    .            (no boots)
Will    .....        (no amulet)
Stlth   +            (no ring)
HPRegen 0.23/turn    (no ring)
MPRegen 0.07/turn

%: faith
@: glowing
A: cold resistance 1, negative energy resistance 3, torment resistance 2, heat
vulnerability 1, no potions, faith
a: no special abilities


You were on level 1 of the Dungeon.
You visited 1 branch of the dungeon, and saw 1 of its levels.

You collected 15 gold pieces.

Inventory:

Hand Weapons
 a - a +0 hand axe (weapon)
Armour
 b - a +0 robe (worn)
 c - an orb of light (worn)


   Skills:
 + Level 3.0 Fighting
 + Level 2.5 Axes
 + Level 2.4 Dodging


You couldn't memorise any spells.
You didn't know any spells.
Your spell library was empty.

Dungeon Overview and Level Annotations

Branches:
Dungeon (1/15)

Altars:


Innate Abilities, Weirdness & Mutations

You are immune to poison.
Your flesh is cold resistant. (rC+)
You are immune to negative energy. (rN+++)
You are immune to unholy pain and torment.
You are vulnerable to heat. (rF-)
You do not drink.
You have a special connection with the divine. (Faith)


Message History

You hit the jackal.
You kill the jackal!
The jackal bites you.
You barely miss the jackal. The jackal bites you.
The jackal barely misses you. x2
You barely miss the jackal. x2; The jackal misses you.
The jackal bites you.
You hit the jackal but do no damage. You barely miss the jackal.
The jackal barely misses you. The jackal closely misses you.
A frilled lizard comes into view.
The jackal bites you.
The jackal bites you but does no damage.
The frilled lizard hisses angrily.
You hit the jackal but do no damage. You hit the jackal.
The jackal barely misses you. The jackal bites you.
The jackal bites you but does no damage.
The jackal closely misses you.
You are too injured to fight recklessly!
You are too injured to fight recklessly!
You are too injured to fight recklessly!
The jackal misses you.
You are too injured to fight recklessly!
You are too injured to fight recklessly!
You hit the jackal.
You kill the jackal!
You hit the jackal. The jackal bites you. The jackal misses you.
You barely miss the jackal.
The jackal is almost dead.
You hit the rat but do no damage. The jackal bites you.
* * * LOW HITPOINT WARNING * * *
The rat bites you.
* * * LOW HITPOINT WARNING * * *
The jackal completely misses you. The jackal bites you.
* * * LOW HITPOINT WARNING * * *
The jackal barely misses you.
You hit the rat.
You kill the rat!
You hit the jackal but do no damage. The jackal barely misses you.
The endoplasm jiggles.
The jackal bites you.
You die...

###.# ###.... # #....#.#
# #.#.#..#.##.#
#.#.#..#..#.#
#...........#
##.#..##.#####.# ##
#..............#
.#...####h@#......######
.......J.JK#..###......#
.#...##l#..#..#<#.####.#
#. ......#......#
...#.#..#....#.......
#....#.##.#.........#..
#... #....#...##..###
#... #........ .... #..
#.####.## ###..


You could see 2 endoplasms, a jackal, a kobold and a frilled lizard.

Vanquished Creatures
  2 jackals (D:1)
  A rat (D:1)
3 creatures vanquished.

Notes
Turn   | Place    | Note
-------+----------+-------------------------------------------
     0 | D:1      | jimonade the Mummy Monk began the quest for the Orb.
     0 | D:1      | Reached XP level 1. HP: 18/18 MP: 1/1
    32 | D:1      | Slain by a jackal

Illustrated notes

Levels and vault maps discovered:
D:1:      saegor_arrival_simple_a, layout_basic

Action                     || total
---------------------------++-------
  Melee: Hand axe          ||     9
 Armour: Robe              ||     2
  Dodge: Dodged            ||    14
